 Dungeon Crawl Stone Soup version 0.29.1-15-g9cfb28693d (webtiles) character file.

Game seed: 11784328627376121238

0 KiwiPetal the Conjurer (level 1, 14/14 HPs)
             Began as a Draconian Conjurer on Dec 8, 2022.
             Quit the game on level 1 of the Dungeon on Mar 31, 2023.
             The game lasted 00:02:54 (42 turns).

KiwiPetal the Conjurer (Draconian Conjurer)           Turns: 42, Time: 00:02:55

Health: 14/14      AC:  4    Str:  9    XL:     1   Next: 8%
Magic:  0/3        EV: 12    Int: 18    God:
Gold:   0          SH:  0    Dex:  9    Spells: 3/4 levels left

rFire   . . .      SeeInvis .   (no weapon)
rCold   . . .      Faith    .   (no shield)
rNeg    . . .      Spirit   .   (body armour unavailable)
rPois   .          Reflect  .   (helmet restricted)
rElec   .          Harm     .   (no cloak)
rCorr   .          Rampage  .   (no gloves)
Will    .....                   (no boots)
Stlth   ++........              (no amulet)
HPRegen 0.04/turn               (no ring)
MPRegen 0.08/turn               (no ring)

@: no status effects
A: AC +4, unfitting armour, cold-blooded
a: no special abilities


You were on level 1 of the Dungeon.
You visited 1 branch of the dungeon, and saw 1 of its levels.

Inventory:

Armour
 b - a +0 leather armour
Potions
 a - a potion of magic


   Skills:
 + Level 1.7 Dodging
 + Level 1.7 Stealth
 + Level 2.0 Spellcasting
 + Level 4.0 Conjurations


You had 3 spell levels left.
You knew the following spells:

 Your Spells              Type           Power      Damage    Failure   Level
a - Magic Dart            Conj           64%        1d6       3%          1

Your spell library contained the following spells:

 Spells                   Type           Power      Damage    Failure   Level
 Searing Ray              Conj           32%        2d5       5%          2
 Dazzling Flash           Conj/Hex       18%        N/A       24%         3
 Fulminant Prism          Conj/Hex       4%         3d6       61%         4
 Iskenderun's Mystic Bla  Conj/Tloc      9%         2d4       61%         4


Dungeon Overview and Level Annotations

Branches:
Dungeon (1/15)

Altars:


Innate Abilities, Weirdness & Mutations

Your plain brown scales are hard. (AC +4)
You cannot fit into any form of body armour.
You are cold-blooded and may be slowed by cold attacks.


Message History

A rat comes into view.
Sorry, you're not good enough to have a special ability.
Unknown command.
Casting: Magic Dart (safe; 3% risk of failure)
Confirm with . or Enter, or press ? or * to list all spells.
You don't know that spell.
Unknown command.
You see here a +0 leather armour.
There are no items here.
You see here a +0 leather armour.
b - a +0 leather armour Unknown command.
Press: ? - help, v - describe, . - travel The floor.
Casting: Magic Dart (safe; 3% risk of failure)
Confirm with . or Enter, or press ? or * to list all spells.
You don't know that spell.
Casting: Magic Dart (safe; 3% risk of failure)
Confirm with . or Enter, or press ? or * to list all spells.
Aiming: Magic Dart (safe; 3% risk of failure)
Press: ? - help, Shift-Dir - straight line, f - rat
Aim: a rat (100% to hit)
The magic dart hits the rat but does no damage.
Casting: Magic Dart (safe; 3% risk of failure)
Confirm with . or Enter, or press ? or * to list all spells.
Aiming: Magic Dart (safe; 3% risk of failure)
Press: ? - help, Shift-Dir - straight line, f/p - rat
Aim: a rat (100% to hit)
The magic dart hits the rat.
The rat is heavily wounded.
The rat bites you but does no damage.
Casting: Magic Dart (safe; 3% risk of failure)
Confirm with . or Enter, or press ? or * to list all spells.
Aiming: Magic Dart (safe; 3% risk of failure)
Press: ? - help, Shift-Dir - straight line, f/p - rat
Aim: a rat (heavily wounded, 100% to hit)
The magic dart hits the rat.
You kill the rat!
You see here a rat corpse.
Are you sure you want to abandon this character and quit the game? (Confirm with "yes".)

.##..##.#.###......# .
................... #
..##..##.............
..
.....................
...................(...
#........†............
#...####....###.##....
#.#...#.......##...# ..
.......@.......#'''#
#.#.#.#.##.....#...# #
#.##.....#...#
........##...##
.#.#.....#.....#
###.#....##.....## ..#
..##...#...# #.#
#...#...## #...###...#


There were no monsters in sight!

Vanquished Creatures
  A rat (D:1)
1 creature vanquished.

Notes
Turn   | Place    | Note
-------+----------+-------------------------------------------
     0 | D:1      | KiwiPetal the Draconian Conjurer began the quest for the
                  | Orb.
     0 | D:1      | Reached XP level 1. HP: 14/14 MP: 3/3
     6 | D:1      | Upgraded the game from 0.29.1-4-g47bece8355 to
                  | 0.29.1-15-g9cfb28693d
    42 | D:1      | Quit the game

Illustrated notes

Levels and vault maps discovered:
D:1:      lemuel_arrival_funnel, layout_basic,
          shapermc_ecumenical_altar_pompeii, serial_shops, shop_fountains,
          st_stairs_1, lemuel_flame_loot_1

Action                   || total
-------------------------++-------
 Cast: Magic Dart        ||     3
Armor: Skin              ||     1
